 Dungeon Sprint DCSS version 0.30-a0-743-gbfdf073431 (webtiles) character file.

Game seed: 8047439854308229226

2100000 BigDaddyOpFi the Imperceptible (level 12, -16/44 HPs)
             Began as a Felid Ice Elementalist on Feb 7, 2023.
             Demolished by a meat berserker
             ... wielding a +9 battleaxe
              (20 damage)
             ... in the Dungeon (Sprint VIII: "Arena of Blood").
             The game lasted 00:00:32 (21 turns).

BigDaddyOpFi the Imperceptible (FeIE)                 Turns: 21, Time: 00:00:32

Health: -16/44     AC:  3    Str:  4    XL:     12   Next: 14%
Magic:  34/34      EV: 37    Int: 20    God:
Gold:   0          SH:  0    Dex: 18    Spells: 45/46 levels left
                                        Lives:  0   Deaths: 2

rFire   . . .      SeeInvis +    (weapon unavailable)
rCold   + . .      Faith    .    (shield unavailable)
rNeg    . . .      Spirit   .    (body armour unavailable)
rPois   .          Reflect  .    (helmet unavailable)
rElec   .          Harm     .    (cloak unavailable)
rCorr   .          Rampage  .    (gloves unavailable)
Will    +....      NoTele   +    (boots unavailable)
Stlth   +++++++++                (no amulet)
HPRegen 0.27/turn                g - +27000 ring of slaying
MPRegen 0.24/turn                (no ring)

@: quick
A: very small, claws 1, fangs 3, see invisible, speed 1, shaggy fur 3, stealthy
paws, no weapons or thrown items, no armour, multi-lived
a: no special abilities


You were in the Dungeon.
You visited 1 branch

Inventory:

Jewellery
 g - a +27000 ring of slaying (left paw)
Scrolls
 f - a scroll of blinking
Potions
 a - 3 potions of magic
 b - a potion of curing
 d - a potion of haste
 e - a potion of berserk rage


   Skills:
 + Level 24.2 Dodging
 + Level 26.1 Stealth
 + Level 17.8 Spellcasting
 + Level 18.1 Ice Magic


You had 45 spell levels left.
You knew the following spells:

 Your Spells              Type           Power      Damage    Failure   Level
a - Freeze                Ice            100%       1d10      0%          1

Your spell library contained the following spells:

 Spells                   Type           Power      Damage    Failure   Level
 Frozen Ramparts          Ice            100%       1d16      0%          3
 Ozocubu's Armour         Ice            74%        N/A       0%          3
 Summon Ice Beast         Ice/Summ       52%        N/A       1%          4


Dungeon Overview and Level Annotations

Branches:
Dungeon (1/1)

Altars:
Makhleb


Innate Abilities, Weirdness & Mutations

You have sharp claws.
You have razor-sharp teeth.
You have supernaturally acute eyesight. (SInv)
You cover ground quickly. (Speed+)
Your thick and shaggy fur keeps you warm. (AC +3, rC+)
Your paws help you pounce on unaware monsters.
You are incapable of wielding weapons or throwing items.
You cannot wear armour.
You gain extra lives every three experience levels.


Message History

A meat berserker comes into view. It is wielding a +9 battleaxe.
You hear a shout!
The meat berserker completely misses you.
You hear a shout! x2
The bag of meat hits you with a +9 war axe!
You hear a shout! x2
The meat berserker rages.
You hear a shout!
A bag of meat comes into view. It is wielding a +9 war axe.
The meat berserker hits you with a +9 battleaxe!!!
Ouch! That really hurt!
You die...
A meat berserker comes into view. It is wielding a +9 battleaxe.
The bag of meat completely misses you.
The bag of meat shouts!
The meat berserker shouts!
You are now level 12!
You rejoin the land of the living...
A meat berserker and 5 bags of meat come into view.
Unknown command.
The large bag of meat appears out of thin air!
A large bag of meat comes into view. It is wielding a +9 giant spiked club.
You hear a shout! x4
A meat berserker comes into view. It is wielding a +9 battleaxe.
You hear a shout! x5; The bag of meat shouts! x2
The bag of meat shouts! x3; You hear a shout!
A meat berserker comes into view. It is wielding a +9 battleaxe.
You hear a shout! x6
The meat berserker rages.
You hear a shout! x3; You hear two shouts!
You hear a shout!
You eviscerate the large bag of meat!!!!!!!!!!
The large bag of meat explodes!
The fiery explosion engulfs you!!!
Ouch! That really hurt!
* * * LOW HITPOINT WARNING * * *
You hear a shout! x2
A meat berserker comes into view. It is wielding a +9 battleaxe.
You hear a shout! x3
The meat berserker is engulfed in blazing flames.
The meat berserker hits you with a +9 battleaxe!!
You die...

...o..)†oo..###....o...
....#..o..o.._.........
. #.......#.....#......
..........#Oo<._#o.....
..#.......#....o#o.....
....#.......o_.OO......
............###†o..Oo.o
......§###....o).###...
....o§§@#....o..#
.....ooO#.Oo..o.#
.oO..o....o......
#.#...............
.#....O...........
#.#..............## .
.....#..... ..O...
......


You could see 4 meat berserkers and 5 bags of meat.

Vanquished Creatures
  An ogre (D)
  A two-headed ogre (D)
  4 orcs (D)
6 creatures vanquished.

Notes
Turn   | Place    | Note
-------+----------+-------------------------------------------
     0 | D        | BigDaddyOpFi the Felid Ice Elementalist began the quest for
                  | the Orb.
     0 | D        | Reached XP level 1. HP: 7/7 MP: 4/4
     2 | D        | Noticed a bag of meat
     4 | D        | Noticed a bag of meat
     5 | D        | Noticed a bag of meat
     5 | D        | Noticed a bag of meat
     5 | D        | Noticed a bag of meat
     7 | D        | Noticed a meat berserker
     8 | D        | Noticed a bag of meat
     8 | D        | Noticed a bag of meat
     8 | D        | Noticed a bag of meat
     8 | D        | Noticed a bag of meat
     9 | D        | Noticed a meat berserker
    10 | D        | Killed a bag of meat
    10 | D        | Noticed a bag of meat
    10 | D        | Noticed a bag of meat
    11 | D        | Reached skill level 18 in Stealth
    11 | D        | Reached XP level 2. HP: 11/11 MP: 4/16
    11 | D        | Reached XP level 3. HP: 14/14 MP: 4/17
    11 | D        | Reached XP level 4. HP: 18/18 MP: 4/19
    11 | D        | Reached XP level 5. HP: 21/21 MP: 4/20
    11 | D        | Gained mutation: You are covered in thick fur. (AC +2)
                  | [Felid growth]
    11 | D        | Reached XP level 6. HP: 24/24 MP: 4/22
    11 | D        | Reached XP level 7. HP: 27/27 MP: 4/23
    11 | D        | Reached XP level 8. HP: 31/31 MP: 4/25
    11 | D        | Reached XP level 9. HP: 34/34 MP: 4/26
    11 | D        | Reached XP level 10. HP: 37/37 MP: 4/27
    11 | D        | Killed a bag of meat
    11 | D        | Noticed a meat berserker
    12 | D        | Reached skill level 20 in Stealth
    12 | D        | Reached XP level 11. HP: 40/40 MP: 4/30
    12 | D        | Killed a meat berserker
    12 | D        | Noticed a bag of meat
    13 | D        | Reached skill level 24 in Stealth
    13 | D        | Gained mutation: Your thick and shaggy fur keeps you warm.
                  | (AC +3, rC+) [Felid growth]
    13 | D        | Reached XP level 12. HP: 6/44 MP: 4/33
    13 | D        | Reached XP level 13. HP: 6/47 MP: 4/34
    13 | D        | Slain by a meat berserker
    13 | D        | Noticed a bag of meat
    14 | D        | Reached XP level 12. HP: -3/44 MP: 4/33
    14 | D        | Noticed a bag of meat
    14 | D        | Noticed a meat berserker
    14 | D        | Noticed a bag of meat
    14 | D        | Noticed a bag of meat
    14 | D        | Noticed a bag of meat
    14 | D        | Noticed a bag of meat
    14 | D        | Noticed a bag of meat
    14 | D        | Noticed a bag of meat
    15 | D        | Noticed a bag of meat
    15 | D        | Killed a bag of meat
    15 | D        | Noticed a bag of meat
    16 | D        | Reached skill level 25 in Stealth
    16 | D        | Noticed a bag of meat
    16 | D        | Noticed a bag of meat
    16 | D        | Noticed a meat berserker
    17 | D        | Killed a bag of meat
    17 | D        | Noticed a bag of meat
    18 | D        | Reached skill level 26 in Stealth
    18 | D        | Reached XP level 13. HP: 38/47 MP: 35/35
    18 | D        | Noticed a bag of meat
    18 | D        | Noticed a bag of meat
    18 | D        | Annihilated by a meat berserker
    18 | D        | Noticed a meat berserker
    18 | D        | Noticed a meat berserker
    19 | D        | Reached XP level 12. HP: -30/44 MP: 34/34
    19 | D        | Noticed a meat berserker
    19 | D        | Noticed a bag of meat
    19 | D        | Noticed a bag of meat
    19 | D        | Noticed a bag of meat
    19 | D        | Noticed a bag of meat
    19 | D        | Noticed a bag of meat
    19 | D        | Noticed a meat berserker
    20 | D        | Noticed a large bag of meat
    20 | D        | Noticed a meat berserker
    21 | D        | Killed a large bag of meat
    21 | D        | Noticed a meat berserker
    21 | D        | Demolished by a meat berserker

Illustrated notes

Levels and vault maps discovered:
D:        meatsprint

Skill      XL: |  1  2  3  4  5  6  7  8  9 10 11 12 |
---------------+-------------------------------------+-----
Dodging        | 17 19 22 24 | 24.2
Stealth        | 18 20 24 26 | 26.1
Spellcasting   | 12 14 16 17 | 17.8
Ice Magic      | 12 14 16 18 | 18.1

Action                     |  1- 3 |  4- 6 |  7- 9 | 10-12 | 13-15 || total
---------------------------+-------+-------+-------+-------+-------++-------
  Melee: Unarmed           |     1 |       |       |     6 |     1 ||     8
    Use: Potion            |       |       |       |       |     1 ||     1
  Dodge: Dodged            |     1 |       |       |       |     3 ||     4

Table legend: (Time is in decaauts)
 A = Elapsed time spent in this place.
 B = Non-inter-level travel time spent in this place.
 C = Inter-level travel time spent in this place.
 D = Time resting spent in this place.
 E = Time spent auto-exploring this place.
 F = Levels seen in this place.
 G = Mean time per level.
                   A        B        C        D        E       F      G
               +--------+--------+--------+--------+--------+-----+--------+
         Total |     18 |     18 |      0 |      0 |      0 |   1 |   18.0 |
       Dungeon |     18 |     18 |      0 |      0 |      0 |   1 |   18.0 |
               +--------+--------+--------+--------+--------+-----+--------+

Top non-repeatable levels by time:
       D: 18 daAuts
